[Event "*** Titled Tuesday Blitz"]
[Site "Chess.com"]
[Date "2020.05.12"]
[Round "6"]
[White "julinha97"]
[Black "Generalas"]
[Result "0-1"]
[WhiteElo "2187"]
[BlackElo "2389"]
[TimeControl "180+1"]
[EndTime "11:06:29 PDT"]
[Termination "Generalas won by resignation"]

1. e4 e5 2. Nf3 Nc6 3. d4 exd4 4. Bc4 Nf6 5. e5 d5 6. Bb5 Ne4 7. Nxd4 Bc5 8. Bxc6+ bxc6 9. Be3 Ba6 10. c3 Qh4 11. Nd2 O-O 12. N2f3 Qg4 13. g3 Rfe8 14. Qa4 Bxd4 15. Nxd4 Bb7 16. f3 Nc5 17. fxg4 Nxa4 18. Kd2 Rxe5 19. Bf4 Re7 20. Nf5 Rd7 21. b3 Nc5 22.
Rhe1 Ne4+ 23. Kd3 g6 24. Ne3 Re8 25. g5 Ba6+ 26. Kc2 Nf2 27. c4 Kg7 28. Rf1 Ne4 29. h4 d4 30. Ng4 d3+ 31. Kd1 Rde7 32. Bd2 Bc8 33. Nf6 Rd8 34. Nxe4 Rxe4 35. h5 gxh5 36. Bc3+ Kf8 37. Bf6 Bg4+ 38. Kd2 Rd6 39. Rf2 Re2+ 40.
Rxe2 dxe2+ 41. Ke1 Rd1+ 0-1

[Event "*** Titled Tuesday Blitz"]
[Site "Chess.com"]
[Date "2020.05.12"]
[Round "6"]
[White "Future2700"]
[Black "AwesomeMango"]
[Result "1-0"]
[WhiteElo "2419"]
[BlackElo "2240"]
[TimeControl "180+1"]
[EndTime "11:06:30 PDT"]
[Termination "Future2700 won by resignation"]

1. e4 c5 2. Nf3 d6 3. d4 cxd4 4. Nxd4 Nf6 5. Nc3 a6 6. g3 e5 7. Nde2 Be7 8. Bg2 O-O 9. O-O b5 10. Nd5 Nbd7 11. Nec3 Bb7 12. Be3 Nxd5 13. Nxd5 Nf6 14.
Nxf6+ Bxf6 15. a4 bxa4 16. Rxa4 Qd7 17. c3 Bc6 18. Ra2 a5 19. b4 axb4 20. Rxa8 Rxa8 21. cxb4 h6 22. Qd2 Rb8 23. Rd1 Be7 24. Rb1 Qc7 25. Qc2 Qd7 26. Rc1 Ba4 27. Qc3 Bg5 28. Bxg5 hxg5 29. Bf1 Bb5 30. Rd1 Bxf1 31. Rxf1 Qb5 32. Rb1 Qb6 33. b5 g4 34. Kg2 g6 35. Qd3 Qc5 36. Qe2 Kg7 37. Qd3 Rb6 38. Qe3 Qxe3 39.
fxe3 f5 40. exf5 gxf5 41. Kf2 Kf6 42. Ke2 d5 43. Kd3 Ke6 44. Kc3 Kd6 45. Kb4 d4 46. exd4 exd4 47. Kc4 Rb8 48. Kxd4 Rh8 49. Rb2 Rb8 50. b6 Rb7 51. Ke3 Ke5 52. Rb5+ Kf6 53. Kf4 Re7 54. Rxf5+ Kg6 55. Rg5+ Kf6 56. Rf5+ Kg6 57.
Kxg4 Re4+ 58. Rf4 Re6 59. Rb4 Re8 60. b7 Rb8 61. Rb6+ Kg7 62. h4 1-0

[Event "*** Titled Tuesday Blitz"]
[Site "Chess.com"]
[Date "2020.05.12"]
[Round "6"]
[White "GoValya"]
[Black "dolynachess"]
[Result "0-1"]
[WhiteElo "2163"]
[BlackElo "2365"]
[TimeControl "180+1"]
[EndTime "11:06:30 PDT"]
[Termination "dolynachess won by checkmate"]

1. d4 Nf6 2. c4 g6 3. g3 Bg7 4. Bg2 O-O 5. Nc3 c5 6. d5 e6 7. dxe6 dxe6 8. Bd2 Nc6 9. Nf3 Qe7 10. O-O Rd8 11. Qc1 b6 12. Ne5 Nxe5 13. Bxa8 Nxc4 14. Bg5 h6 15. Bxh6 Bxh6 16. Qxh6 Nxb2 17. Bf3 Bb7 18. Bxb7 Qxb7 19. Qg5 Kg7 20. Rab1 Nc4 21. Rfd1 Rd4 22. Rxd4 cxd4 23. Nb5 e5 24. Rc1 Qd5 25. a4 Ne4 26.
Qd8 Qxd8 27. Rxc4 Qf6 28. f3 Nc3 29. Nxc3 dxc3 30. Rxc3 Qd6 31. Rd3 Qc5+ 32. Kg2 Qc2 33. Kf2 Qxa4 34. Re3 Qd4 35. g4 g5 36. h3 f6 37. Kg2 Qxe3 38. Kg3 Qxe2 39. h4 gxh4+ 40. Kxh4 Qxf3 41. Kh5 Qh3# 0-1

[Event "*** Titled Tuesday Blitz"]
[Site "Chess.com"]
[Date "2020.05.12"]
[Round "6"]
[White "Fandorine"]
[Black "tioloko"]
[Result "0-1"]
[WhiteElo "2854"]
[BlackElo "2652"]
[TimeControl "180+1"]
[EndTime "11:06:31 PDT"]
[Termination "tioloko won by checkmate"]

1. e4 c6 2. Nf3 d5 3. d3 g6 4. e5 Bg7 5. d4 Nh6 6. h3 O-O 7. Bd3 f6 8. exf6 Rxf6 9. O-O Nf7 10. Re1 Nd7 11. Nbd2 Nf8 12. Ne5 Nxe5 13. dxe5 Rf7 14.
Nf3 Ne6 15. Ng5 Nxg5 16. Bxg5 Be6 17. Qd2 Qb6 18. c3 Raf8 19. Be3 Qc7 20. f4 g5 21. fxg5 Bxe5 22. Kh1 Qd7 23. g6 hxg6 24. Bxg6 Rg7 25.
Bh6 Rxg6 26. Rxe5 Bxh3 27. Rg5 Rf6 28. Re1 Bf5 29. Rxg6+ Rxg6 30. Bg5 e6 31. Qf4 Qh7+ 32.
Kg1 Qh5 33. Bh4 Be4 34. Bg3 e5 35. Qf2 Rh6 36. Qe3 Qh1+ 37. Kf2 Qxg2# 0-1

[Event "*** Titled Tuesday Blitz"]
[Site "Chess.com"]
[Date "2020.05.12"]
[Round "6"]
[White "SGchess01"]
[Black "DrVitman"]
[Result "1/2-1/2"]
[WhiteElo "2761"]
[BlackElo "2558"]
[TimeControl "180+1"]
[EndTime "11:06:31 PDT"]
[Termination "Game drawn by repetition"]

1. Nf3 Nf6 2. c4 g6 3. Nc3 d5 4. g3 dxc4 5. Bg2 c6 6. a4 Bg7 7. O-O a5 8. b3 cxb3 9. Qxb3 O-O 10.
Ba3 Na6 11. d4 Nb4 12. Bxb4 axb4 13. Qxb4 Re8 14. a5 Nd5 15. Nxd5 Qxd5 16. e3 Qd6 17. Qc3 e5 18. dxe5 Bxe5 19. Nxe5 Qxe5 20. Qb4 Qe7 21.
Qc3 Qe5 22. Qb4 Qe7 23. Qf4 Qe5 24. Qa4 Bf5 25. Rfc1 Be4 26. Bxe4 Qxe4 27. Qb3 Re7 28. Rc4 Qe5 29. Qa3 Kg7 30. Rc5 Qf6 31. Rb1 Re5 32. Rxb7 Rxc5 33. Qxc5 Qa1+ 34. Kg2 Rxa5 35. Qxc6 Qf6 36.
Qc7 Ra2 37. Qf4 Qxf4 38. gxf4 Ra4 39. h4 Ra5 40. Kf3 Ra1 41. e4 Rh1 42. Kg3 Rg1+ 43. Kh2 Rg4 44. f3 Rxf4 45. Kg3 Rf6 46. f4 Ra6 47.
Kg4 h5+ 48. Kf3 Ra3+ 49. Kg2 Ra2+ 50. Kf3 Ra3+ 51. Kg2 Ra2+ 52. Kf3 Ra3+ 1/2-1/2

[Event "*** Titled Tuesday Blitz"]
[Site "Chess.com"]
[Date "2020.05.12"]
[Round "6"]
[White "TigrVShlyape"]
[Black "gahryman"]
[Result "0-1"]
[WhiteElo "2814"]
[BlackElo "2650"]
[TimeControl "180+1"]
[EndTime "11:06:32 PDT"]
[Termination "gahryman won by resignation"]

1. d4 Nf6 2. Nf3 g6 3. c3 Bg7 4. Bf4 O-O 5. Nbd2 d6 6. h3 Nc6 7.
e4 Nh5 8. Be3 e5 9. dxe5 Nxe5 10.
Nxe5 dxe5 11. Nc4 Qe7 12. g3 Be6 13. Be2 Rad8 14. Qc2 f5 15. exf5 gxf5 16. Bxa7 b6 17. Qa4 Qg5 18. h4 Qg6 19. Qc6 Nxg3 20. Rg1 f4 21. h5 Qf7 22. h6 Bf6 23. fxg3 Kh8 24. gxf4 Bh4+ 25. Kf1 Qxf4+ 26. Qf3 Qxf3+ 27. Bxf3 Rxf3+ 28. Ke2 Rf2+ 29. Ke3 Bxc4 30. Rae1 Rf4 31. Re2 Bxe2 32. Kxe2 Rg8 33. Rd1 Bg5 34. Rd7 Bxh6 35. Rxc7 Rf6 36.
Kd3 e4+ 37. Kxe4 Re6+ 38. Kd5 Reg6 39. a4 Rg5+ 40. Kc6 Rc5+ 41. Kb7 Rxc7+ 42. Kxc7 Be3 43. Kb7 Rg7+ 44. Ka6 Rxa7+ 45. Kxa7 b5+ 46. Ka6 bxa4 47. Kb5 h5 48. Kxa4 h4 49. b4 h3 0-1

[Event "*** Titled Tuesday Blitz"]
[Site "Chess.com"]
[Date "2020.05.12"]
[Round "6"]
[White "White_Ghost"]
[Black "snowlord"]
[Result "0-1"]
[WhiteElo "2437"]
[BlackElo "2741"]
[TimeControl "180+1"]
[EndTime "11:06:32 PDT"]
[Termination "snowlord won on time"]

1. d4 Nf6 2. c4 g6 3. g3 c5 4. d5 b5 5. cxb5 a6 6. bxa6 Bg7 7. Nc3 d6 8. Nf3 O-O 9. Bg2 Nbd7 10. O-O Nb6 11.
Rb1 Bf5 12. Ra1 Ne4 13. Nh4 Nxc3 14. bxc3 Bc8 15. Qc2 Bxa6 16. Rd1 Bb5 17. Re1 Ra5 18.
e4 Qa8 19. Nf3 Ba4 20. Qd3 Bb5 21. Qc2 Nc4 22. Bf1 Rb8 23. Nd2 Na3 24. Bxa3 Rxa3 25. Bxb5 Rxb5 26. Nb1 Ra4 27. Nd2 Qa5 28. Rec1 Qa6 29.
Kg2 h5 30. h3 h4 31. gxh4 Be5 32. h5 Bf4 33. hxg6 fxg6 34. Rd1 Kg7 35. Nf3 Rb8 36.
Rg1 Rh8 37. h4 Qc4 38. Nd2 Qe2 39. Rad1 Raa8 0-1

[Event "*** Titled Tuesday Blitz"]
[Site "Chess.com"]
[Date "2020.05.12"]
[Round "6"]
[White "GM_DarwinLaylo"]
[Black "queen_iryna"]
[Result "1-0"]
[WhiteElo "2522"]
[BlackElo "2317"]
[TimeControl "180+1"]
[EndTime "11:06:32 PDT"]
[Termination "GM_DarwinLaylo won by resignation"]

1. c4 d6 2. Nc3 e5 3. g3 Nc6 4. Bg2 g6 5. d3 f5 6. e4 Nf6 7. Nge2 Bg7 8. O-O O-O 9. h3 Be6 10. Nd5 Nh5 11. Be3 Qd7 12. Kh2 Nd4 13. f3 Nxe2 14. Qxe2 f4 15. gxf4 exf4 16. Bf2 c6 17. Nc3 Qf7 18. Qd2 d5 19. cxd5 cxd5 20. d4 Ng3 21.
Rfe1 dxe4 22. fxe4 f3 23. Bxg3 fxg2 24. Kxg2 Qd7 25.
d5 Bxh3+ 26. Kh2 Bg4 27. e5 Rf3 28. e6 Qe8 29. Re4 Bf5 30. Rf4 Rxf4 31. Qxf4 Rd8 32. Rd1 h6 33. Qc7 Bc2 34. Rd2 Bf5 35. Be5 Bxe5+ 36.
Qxe5 Qe7 37. Rg2 Qh4+ 38. Kg1 Qe1+ 39. Qxe1 1-0

[Event "*** Titled Tuesday Blitz"]
[Site "Chess.com"]
[Date "2020.05.12"]
[Round "6"]
[White "Savva09022009"]
[Black "Rhinos1"]
[Result "1-0"]
[WhiteElo "2389"]
[BlackElo "2187"]
[TimeControl "180+1"]
[EndTime "11:06:32 PDT"]
[Termination "Savva09022009 won by resignation"]

1. d4 d5 2. Nc3 c6 3. Bf4 Nf6 4.
e3 e6 5. Nf3 Bd6 6. Bd3 O-O 7. O-O Bxf4 8. exf4 Nbd7 9. Ne2 Re8 10. Ne5 Nf8 11. Ng3 Ng6 12. Qf3 Qb6 13. Bxg6 hxg6 14.
Qc3 Nd7 15. h4 Nxe5 16. fxe5 Bd7 17. h5 gxh5 18. Nxh5 Red8 19. Qg3 g6 20. Nf6+ Kf8 21. Qh4 Qxb2 22. Nh7+ Kg7 23. Qf6+ Kxh7 24. Qxf7+ Kh6 25.
Rab1 Qxd4 26. Rb3 Qxe5 27. Rh3+ Qh5 28. Rxh5+ Kxh5 29. Qh7+ Kg5 30. Re1 e5 31. Rxe5+ Bf5 32. g3 Rh8 33. Qe7+ Kg4 34. Kg2 Be4+ 35. Kf1 Rh1+ 36. Ke2 Bf3+ 37. Kd2 Rd1+ 38. Kc3 d4+ 39. Kb2 Kh3 40. Re1 Rxe1 41. Qxe1 Rd8 42. Qf1+ Kg4 43. Qe1 Rd5 44. Qe6+ Rf5 45. Qxg6+ Kh3 46. Qxf5+ Kg2 47. g4 1-0

[Event "*** Titled Tuesday Blitz"]
[Site "Chess.com"]
[Date "2020.05.12"]
[Round "6"]
[White "Lunow"]
[Black "mfwagnerpeixoto"]
[Result "1-0"]
[WhiteElo "2086"]
[BlackElo "2237"]
[TimeControl "180+1"]
[EndTime "11:06:32 PDT"]
[Termination "Lunow won on time"]

1. c4 Nf6 2. g3 e6 3. Bg2 d5 4. Nf3 dxc4 5. Qa4+ Bd7 6. Qxc4 Bc6 7. Qc2 Be7 8. O-O O-O 9. Nc3 a5 10. e4 Na6 11. d4 Nb4 12. Qe2 a4 13. a3 Na6 14.
Rd1 Qe8 15. Ne5 Rd8 16. Be3 Nd7 17. Nxc6 bxc6 18. Qxa6 Rb8 19. Rd2 Nb6 20. Rc1 Qd7 21. Qe2 Rfd8 22. Qd1 Ra8 23. Qe2 Bf8 24. Na2 Qe8 25.
Rdc2 e5 26. d5 cxd5 27. Bxb6 cxb6 28. exd5 Bc5 29. Nc3 Bd4 30. Ne4 h6 31. Qg4 Kh8 32. Qf5 Qf8 33. d6 Ra7 34. Rc7 Raa8 35. Rxf7 Qg8 36.
Nf6 1-0

[Event "*** Titled Tuesday Blitz"]
[Site "Chess.com"]
[Date "2020.05.12"]
[Round "6"]
[White "FMOlexandrProhorov"]
[Black "rasmussvane"]
[Result "0-1"]
[WhiteElo "2119"]
[BlackElo "2878"]
[TimeControl "180+1"]
[EndTime "11:06:33 PDT"]
[Termination "rasmussvane won on time"]

1. Nf3 d5 2. d4 Nf6 3. c4 e6 4.
Nc3 a6 5. Bf4 dxc4 6. e4 b5 7.
a4 b4 8. Na2 Nxe4 9. Bxc4 Bb7 10.
O-O Bd6 11. Be3 O-O 12. Rc1 a5 13. Qe2 Nd7 14. Rfd1 Nb6 15. Ne5 Nxc4 16. Nxc4 Bd5 17. b3 h6 18. f3 Nf6 19. Rc2 c6 20. Nc1 Qe7 21. Nd3 Bc7 22. Nde5 Rfd8 23. Rdc1 Rac8 24. Qf2 Nd7 25. Nd3 Qf6 26. Re1 Qf5 27. Nc5 Nxc5 28.
dxc5 Bxc4 29. Rxc4 Rd3 30. Rd4 Rd8 31. Qb2 Be5 32. Rxd8+ Rxd8 33. Qc1 Rd3 34. Qc4 Bc3 35. Re2 Qd5 36. Qf4 Rxe3 37. Rxe3 Bd4 38. Kf1 Bxe3 39. Qxe3 e5 40. Ke2 f5 41. h4 Kf7 42. h5 Kf6 43. Kf2 Qd4 44. Ke2 Qxe3+ 45. Kxe3 Ke6 0-1

[Event "*** Titled Tuesday Blitz"]
[Site "Chess.com"]
[Date "2020.05.12"]
[Round "6"]
[White "GrafLermontov"]
[Black "DinaBelenkaya"]
[Result "1-0"]
[WhiteElo "2375"]
[BlackElo "2123"]
[TimeControl "180+1"]
[EndTime "11:06:34 PDT"]
[Termination "GrafLermontov won on time"]

1. d4 Nf6 2. c4 e6 3. Nf3 Bb4+ 4.
Bd2 a5 5. g3 O-O 6. Bg2 d5 7. Qc2 Ne4 8. O-O Nd7 9. a3 Bxd2 10.
Nbxd2 Ndf6 11. Ne5 Nxd2 12. Qxd2 c6 13. b4 Bd7 14. c5 Ne4 15. Bxe4 dxe4 16. Nc4 Qc7 17.
Nd6 f5 18. f3 exf3 19. exf3 b5 20. f4 Be8 21. Rae1 Rf6 22. Re3 axb4 23. axb4 Bd7 24. Rfe1 Ra4 25. Qb2 Rf8 26. Qb3 h6 27. Kg2 Kh7 28. Kh3 Qd8 29. Rxe6 Bxe6 30. Rxe6 Rf6 31.
Re8 Qd7 32. Qg8+ Kg6 33. Rd8 Qe7 34. Ne8 Re6 35. Rd6 Rxd6 36. cxd6 Qf7 37. Qh8 Ra7 38.
Nc7 Rb7 39. Qd8 Ra7 40. d5 1-0

[Event "*** Titled Tuesday Blitz"]
[Site "Chess.com"]
[Date "2020.05.12"]
[Round "6"]
[White "Shubinkirill2003"]
[Black "Kotofeyca"]
[Result "1-0"]
[WhiteElo "2589"]
[BlackElo "2441"]
[TimeControl "180+1"]
[EndTime "11:06:35 PDT"]
[Termination "Shubinkirill2003 won by resignation"]

1. e4 c5 2. Nf3 d6 3. d4 cxd4 4. Qxd4 Nf6 5. Bb5+ Bd7 6. c4 Bxb5 7. cxb5 Nbd7 8. Nc3 g6 9. O-O Bg7 10. Be3 O-O 11. Qd2 a6 12. bxa6 bxa6 13. Bh6 Nc5 14. Bxg7 Kxg7 15. Qd4 Ne6 16. Qe3 Qb8 17. Rab1 Rc8 18.
Nd5 Qb7 19. Nxf6 exf6 20. Rfd1 Rc6 21. h3 Re8 22. Nd4 Nxd4 23. Qxd4 Rc2 24. f3 Re5 25.
Rd2 Rxd2 26. Qxd2 d5 27. exd5 Rxd5 28. Qf2 Qd7 29. Qe2 Rd2 30. Qxa6 Qd4+ 31. Kh1 Qf2 32.
Qf1 Qd4 33. b4 Rxa2 34. b5 Ra7 35. b6 Rb7 36. Qb5 h5 37. Qc6 Qd3 38. Qxb7 Qxb1+ 39. Kh2 Qe1 40. Qc7 f5 41. b7 f4 42. Qxf4 Qb1 43.
b8=Q 1-0

[Event "*** Titled Tuesday Blitz"]
[Site "Chess.com"]
[Date "2020.05.12"]
[Round "6"]
[White "ThePatrick27"]
[Black "narutosmith"]
[Result "1-0"]
[WhiteElo "2536"]
[BlackElo "2282"]
[TimeControl "180+1"]
[EndTime "11:06:35 PDT"]
[Termination "ThePatrick27 won on time"]

1. d4 Nf6 2. c4 e6 3. Nc3 Bb4 4. Qc2 Nc6 5. Nf3 d6 6. Bg5 h6 7.
Bxf6 Qxf6 8. e3 O-O 9. a3 Bxc3+ 10. Qxc3 e5 11. dxe5 Nxe5 12. Nxe5 dxe5 13. Be2 Qg6 14. g3 Bh3 15. O-O-O Rfe8 16. g4 Bg2 17. Rhg1 Bc6 18. g5 h5 19. h4 Ba4 20. Rd2 Rad8 21. Bd3 e4 22. Be2 Rxd2 23. Qxd2 Qc6 24. Qc3 Qg6 25. Bd1 Bxd1 26. Rxd1 Qf5 27. Qd2 Qg4 28. Qd7 Qxd7 29.
Rxd7 Rc8 30. c5 Kf8 31. Kc2 Ke8 32. Rd4 Rd8 33. Rxe4+ Kf8 34. Rd4 Re8 35. Kd3 b6 36. b4 bxc5 37. bxc5 Re5 38. Kc4 Ke7 39. c6 Re6 40.
Rd7+ Ke8 41. Rxc7 Kd8 42. Rxf7 Rxc6+ 43. Kd3 Ra6 44. Rxg7 Rxa3+ 45. Ke4 Ra4+ 46. Kf5 Rxh4 47. Rxa7 Rg4 48. g6 Rg2 49. f4 h4 50. Rh7 1-0

[Event "*** Titled Tuesday Blitz"]
[Site "Chess.com"]
[Date "2020.05.12"]
[Round "6"]
[White "ristingho"]
[Black "igorcadilhac"]
[Result "1-0"]
[WhiteElo "2517"]
[BlackElo "2344"]
[TimeControl "180+1"]
[EndTime "11:06:35 PDT"]
[Termination "ristingho won by resignation"]

1. d4 Nf6 2. c4 e6 3. Nf3 d5 4. Nc3 c6 5. e3 dxc4 6. Bxc4 Bb4 7. O-O Nbd7 8. e4 Bxc3 9. bxc3 Nxe4 10. Qd3 Nef6 11.
Ba3 Qc7 12. Rfe1 Nd5 13. Bb3 b6 14. c4 Nf4 15. Qe3 Bb7 16. g3 Ng6 17. d5 O-O-O 18. d6 Qb8 19. c5 Rhe8 20. Rac1 b5 21. Bb2 Nf6 22. a4 a6 23. axb5 axb5 24. Nd4 Kd7 25. Nxe6 Nd5 26. Bxd5 cxd5 27. c6+ Bxc6 28. Nc5+ Kxd6 29.
Qd4 Rxe1+ 30. Rxe1 Re8 31. Rxe8 Qxe8 32. Nd3 Qe4 33.
Ba3+ Kc7 34. Qa7+ Bb7 35. Qc5+ Bc6 36. Qa7+ Bb7 37. Nc5 Qe1+ 38. Kg2 Qe4+ 39. Nxe4 dxe4 1-0

[Event "*** Titled Tuesday Blitz"]
[Site "Chess.com"]
[Date "2020.05.12"]
[Round "6"]
[White "Igor_Lysyj"]
[Black "Azerichess"]
[Result "0-1"]
[WhiteElo "2789"]
[BlackElo "3044"]
[TimeControl "180+1"]
[EndTime "11:06:36 PDT"]
[Termination "Azerichess won by resignation"]

1. d4 Nf6 2. c4 d6 3. Nc3 Nbd7 4. Nf3 e5 5. e4 g6 6. Be2 Bg7 7. O-O O-O 8. Be3 c6 9. d5 Ng4 10. Bg5 f6 11. dxc6 bxc6 12. Qxd6 fxg5 13. Qxc6 Qb6 14.
Qxa8 Bb7 15. c5 Nxc5 16. Nd5 Rxa8 17. Nxb6 axb6 18. Bc4+ Kf8 19. Nxg5 Ke7 20. b4 Nxe4 21. Nxe4 Bxe4 22. Rfe1 Bf5 23. Rac1 Rd8 24. Bb3 e4 25. Rc7+ Rd7 26. Rxd7+ Kxd7 27. h3 Ne5 28. Re2 h5 29. Bd5 Nd3 30. Bxe4 Nxb4 31. a3 Nc6 32. Bxf5+ gxf5 33. Re3 Bd4 34. Rb3 Bc5 35. Kf1 Ke6 36. Rg3 Kf6 37. Ke2 Ne5 38. Rb3 f4 39. a4 Nc6 40. Rd3 Nd4+ 41. Kd2 Ke5 42. Kc3 Kd5 43. Kd2 Kc4 44. g3 Bb4+ 0-1

[Event "*** Titled Tuesday Blitz"]
[Site "Chess.com"]
[Date "2020.05.12"]
[Round "6"]
[White "MilanovicDan"]
[Black "Bacyanide"]
[Result "0-1"]
[WhiteElo "2557"]
[BlackElo "2427"]
[TimeControl "180+1"]
[EndTime "11:06:36 PDT"]
[Termination "Bacyanide won on time"]

1. d4 d5 2. c4 e6 3. Nc3 c5 4.
cxd5 exd5 5. Nf3 Nf6 6. g3 Nc6 7. Bg2 cxd4 8. Nxd4 Bc5 9. Nb3 Bb6 10. O-O d4 11. Na4 O-O 12. Nxb6 axb6 13. e3 d3 14. e4 Be6 15. Be3 Nb4 16. Nd4 Bxa2 17.
b3 Re8 18. Qd2 Qd6 19. Nf5 Qf8 20. Bd4 Nc2 21. Bxf6 gxf6 22. Qxd3 Nxa1 23. Rxa1 Qc5 24. Qf3 Kh8 25. Bf1 Qe5 26. Re1 b5 27. Kg2 Ra3 28.
Re3 b6 29. Be2 Bb1 30. Bd3 Rxb3 31. Bxb1 Rxb1 32. Rd3 Rb4 33. Rd7 Qxe4 34. Rxf7 Qxf3+ 35. Kxf3 Rb3+ 36. Kg4 b4 37. Rb7 Rb2 38. f4 b3 39.
Rxb6 Rb1 40. h4 b2 41. Kh5 Rg8 0-1

[Event "*** Titled Tuesday Blitz"]
[Site "Chess.com"]
[Date "2020.05.12"]
[Round "6"]
[White "GuerrieroFromLevant"]
[Black "LLRChess"]
[Result "0-1"]
[WhiteElo "2388"]
[BlackElo "2564"]
[TimeControl "180+1"]
[EndTime "11:06:36 PDT"]
[Termination "LLRChess won by resignation"]

1. e4 d6 2. d4 Nf6 3. Nc3 g6 4.
Be3 c6 5. a4 Bg7 6. h3 O-O 7.
Nf3 Qc7 8. Be2 Nbd7 9. O-O a5 10. Qc1 Re8 11. Rd1 b6 12. b3 Bb7 13. Qa3 Rad8 14. Kh1 e5 15. dxe5 Nxe5 16. Nxe5 dxe5 17. b4 Bf8 18. Qb3 axb4 19. Na2 c5 20. f3 Bc6 21. c3 Ra8 22. Bb5 Bxb5 23. axb5 Ra3 24. Qb2 Rea8 25.
cxb4 cxb4 26. Bd2 Qc4 27. Nxb4 Rxa1 28. Rxa1 Rxa1+ 29. Qxa1 Bxb4 30. Bxb4 Qxb4 31. Qxe5 Nd7 32. Qe8+ Nf8 33. f4 Qd2 34. Qc6 Qd4 35. f5 Kg7 36.
g4 Nd7 37. g5 f6 38. gxf6+ Nxf6 39. Qc7+ Kh6 40. e5 Ne4 41. e6 Qd1+ 42. Kg2 Qe2+ 43. Kg1 Qf2+ 44. Kh1 Ng3+ 45. Qxg3 Qxg3 46. f6 Qe5 47. e7 Qe6 48. Kh2 Kg5 49. h4+ Kxf6 50. e8=Q Qxe8 0-1

[Event "*** Titled Tuesday Blitz"]
[Site "Chess.com"]
[Date "2020.05.12"]
[Round "6"]
[White "DishonorOnYourCow"]
[Black "albi1999"]
[Result "1-0"]
[WhiteElo "2344"]
[BlackElo "2534"]
[TimeControl "180+1"]
[EndTime "11:06:36 PDT"]
[Termination "DishonorOnYourCow won by resignation"]

1. d4 d5 2. c4 e6 3. Nc3 Nf6 4. cxd5 Nxd5 5. e4 Nxc3 6. bxc3 c5 7. Rb1 Be7 8. Nf3 O-O 9. Be2 b6 10. O-O Bb7 11. Bd3 Nd7 12. Be3 Rc8 13. Qe2 Nf6 14. Bg5 cxd4 15. cxd4 h6 16. Bh4 Nd7 17. Bg3 Re8 18.
Bb5 Rf8 19. Rbd1 Nf6 20. Bd3 Qd7 21. h3 Rfd8 22. Rfe1 Qa4 23. Bb5 Qa5 24. Bd3 Bb4 25. Rf1 Bf8 26. Bh4 Be7 27. e5 Nd5 28. Qe4 Bxh4 29.
Qh7+ Kf8 30. Nxh4 Nf4 31. Qh8+ Ke7 32. Qxg7 Rg8 33. Qf6+ Ke8 34. Qxf4 Qd5 35. f3 Rd8 36. Be4 Qd7 37. Bxb7 Qxb7 38. Qe3 Qe7 39. Qxh6 Kd7 40. Qf4 Rh8 41. g3 Rdg8 42. Kf2 Rh5 43. d5 Qc5+ 44.
Qe3 Qxe3+ 45. Kxe3 Rxe5+ 46. Kf4 Re2 47. dxe6+ Kxe6 48. Rde1 Rxe1 49. Rxe1+ Kf6 50. g4 Rc8 51. Nf5 Rc4+ 52.
Ke3 Rc3+ 53. Ke2 Ra3 54. Ra1 b5 55. Kf2 b4 56. Nd4 a5 57. Nc2 Rc3 58. Ne3 Ra3 59.
Nc4 Rb3 60. axb3 1-0

[Event "*** Titled Tuesday Blitz"]
[Site "Chess.com"]
[Date "2020.05.12"]
[Round "6"]
[White "MiroVlasenko"]
[Black "mamey78"]
[Result "1-0"]
[WhiteElo "2615"]
[BlackElo "2364"]
[TimeControl "180+1"]
[EndTime "11:06:37 PDT"]
[Termination "MiroVlasenko won on time"]

1. e4 e5 2. Nc3 Nc6 3. Bc4 Nf6 4. d3 Bc5 5. f4 d6 6. Nf3 Bg4 7. h3 Bxf3 8. Qxf3 exf4 9. Bxf4 Ne5 10. Bxe5 dxe5 11.
O-O-O Qe7 12. g4 c6 13. g5 Nd7 14. h4 b5 15. Bb3 a5 16. Rdf1 Rf8 17. a4 Nb6 18. Qf5 Bd4 19. Kd2 Rd8 20. axb5 Bxc3+ 21. bxc3 cxb5 22. Qxh7 a4 23. Ba2 b4 24. Qxg7 Qc5 25.
Rf5 Qxc3+ 26. Ke3 Qc5+ 27. Kf3 Nd7 28. Bxf7+ Ke7 29. Rf1 Kd6 30. Bc4 Kc7 31. Kg4 Rxf5 32. Rxf5 Qg1+ 33. Kh5 Qd1+ 34. Kg6 Qxc2 35. Rf7 Qh2 36. Qf6 Qxh4 37. Qxe5+ Kb7 38. Qb5+ Kc7 39. Qc5+ Kb7 40. Bd5+ Kb8 41. Qb5+ Kc7 42. Qc6+ 1-0

[Event "*** Titled Tuesday Blitz"]
[Site "Chess.com"]
[Date "2020.05.12"]
[Round "6"]
[White "Chessmatus"]
[Black "EvgenyRomanov"]
[Result "0-1"]
[WhiteElo "2466"]
[BlackElo "2649"]
[TimeControl "180+1"]
[EndTime "11:06:39 PDT"]
[Termination "EvgenyRomanov won by checkmate"]

1. e4 e5 2. Nf3 Nc6 3. Bb5 a6 4. Ba4 Nf6 5. O-O b5 6. Bb3 Bc5 7. c3 Bb6 8. a4 Bb7 9. d4 d6 10. axb5 axb5 11. Rxa8 Qxa8 12. Re1 O-O 13. Bg5 Nd7 14.
Na3 exd4 15. cxd4 Na5 16. Bc2 b4 17. Nb1 Re8 18. Nbd2 c5 19. d5 c4 20. Be3 Bxe3 21. Rxe3 b3 22. Bb1 Nc5 23. Nd4 g6 24. h4 Qa7 25.
N2f3 Na4 26. Qd2 c3 27. bxc3 Nc4 28. Qc1 b2 29. Qe1 Nxe3 30. Qxe3 Qc5 31. Qh6 f6 32. Ne6 Rxe6 33. dxe6 Qxc3 34. Ng5 Qc1+ 35. Kh2 Qf4+ 36.
Kg1 fxg5 37. e7 Qf7 38. Qxg5 Nc3 39. Qa5 Ne2+ 40. Kh1 Qxe7 41. Ba2+ Kg7 42. Qb4 Qxe4 43. Qxb2+ Kh6 44. f3 Qxh4# 0-1

[Event "*** Titled Tuesday Blitz"]
[Site "Chess.com"]
[Date "2020.05.12"]
[Round "6"]
[White "Zufi1811"]
[Black "HrvojeZagreb"]
[Result "1-0"]
[WhiteElo "2460"]
[BlackElo "2186"]
[TimeControl "180+1"]
[EndTime "11:06:39 PDT"]
[Termination "Zufi1811 won by resignation"]

1. e4 e6 2. d4 d5 3. Nc3 dxe4 4. Nxe4 Nd7 5. Nf3 Ngf6 6. Nxf6+ Nxf6 7. c3 c5 8. Ne5 a6 9. Be3 Qc7 10. Qa4+ Nd7 11. Bb5 cxd4 12. Bxd7+ Bxd7 13. Qxd4 Rd8 14. O-O-O Be7 15. Nxd7 Rxd7 16. Qxg7 Rf8 17. Qxh7 Bf6 18. Qe4 Rxd1+ 19. Rxd1 Ke7 20. Qb4+ Ke8 21. h4 b5 22. g3 Be7 23. Qd4 b4 24. c4 f5 25.
Kb1 a5 26. Bf4 Qb7 27. Qe5 Qc6 28. Qxa5 Kf7 29. Qe5 Ra8 30. b3 Qa6 31. Qe2 Bf6 32.
Qh5+ Ke7 33. Qh7+ Ke8 34. Qg8+ Ke7 35. Qh7+ Ke8 36. Rd2 Qa3 37. Qg6+ Ke7 38. Bg5 Qxb3+ 39. axb3 Ra1+ 40. Kc2 Ra2+ 41. Kd3 Rxd2+ 42. Kxd2 1-0

[Event "*** Titled Tuesday Blitz"]
[Site "Chess.com"]
[Date "2020.05.12"]
[Round "6"]
[White "Ashedu66"]
[Black "gusmaster2262"]
[Result "1-0"]
[WhiteElo "2135"]
[BlackElo "2275"]
[TimeControl "180+1"]
[EndTime "11:06:39 PDT"]
[Termination "Ashedu66 won by resignation"]

1. d4 Nf6 2. c4 g6 3. Nc3 d5 4. Nf3 Bg7 5. Bf4 O-O 6. Rc1 Be6 7. c5 c6 8. e3 Bg4 9. Be2 Nbd7 10. b4 Ne4 11. O-O f6 12. Bg3 Nxc3 13. Rxc3 e5 14.
Rb3 Be6 15. b5 e4 16. Nd2 f5 17. Bd6 Rf7 18. bxc6 bxc6 19. f4 exf3 20. Nxf3 g5 21. Ba6 g4 22. Nd2 Qg5 23. Rf4 Nf6 24. Qf1 Ne4 25. Nxe4 dxe4 26. Bb7 Rd8 27. Bxc6 Bxb3 28. axb3 Rxd6 29. cxd6 Qd8 30. Bd5 Qxd6 31. Bxf7+ Kxf7 32. Qc4+ Kg6 33. Qc5 Qd7 34. d5 Bh6 35. Qc6+ Qxc6 36. dxc6 Bxf4 37. exf4 e3 38. Kf1 Kf6 39. c7 Ke6 40.
c8=Q+ Kd5 41. Qxf5+ Kd4 42. Ke2 1-0

[Event "*** Titled Tuesday Blitz"]
[Site "Chess.com"]
[Date "2020.05.12"]
[Round "6"]
[White "Funo09"]
[Black "elohunter1999"]
[Result "1/2-1/2"]
[WhiteElo "2726"]
[BlackElo "2583"]
[TimeControl "180+1"]
[EndTime "11:06:40 PDT"]
[Termination "Game drawn by agreement"]

1. e4 c5 2. Nc3 Nc6 3. Bb5 Nd4 4.
Bc4 a6 5. Nf3 b5 6. Bd5 Rb8 7.
Nxd4 cxd4 8. Ne2 Nf6 9. Nxd4 e6 10. Bb3 Nxe4 11. O-O Be7 12. d3 Nc5 13. Bf4 Ra8 14.
Re1 O-O 15. Qh5 Nxb3 16. axb3 f6 17. Nxb5 e5 18. Bd2 d5 19. Nc3 Bb7 20. Ra4 d4 21. Ne4 Rc8 22. Rc1 Qd5 23. Ra5 Qc6 24. Qf5 g6 25.
Qh3 f5 26. Ng5 Bxg5 27. Bxg5 e4 28. Re5 exd3 29. Re7 h5 30. Rce1 dxc2 31. Bc1 Rce8 32. b4 Rxe7 33. Rxe7 Re8 34. Qb3+ Kh8 35. Rxe8+ Qxe8 36. Kf1 Qb5+ 37. Ke1 Qe5+ 38. Kf1 Qe4 39. f3 Qc6 40. Qd3 Qb5 41. Ke2 Bd5 42. Qxb5 axb5 43.
Kd3 Bb3 44. Kxd4 Kg7 45. Kc3 Bc4 46. Kxc2 Bf1 47. g3 Kf7 48. f4 Ke6 49. Kc3 Kd5 1/2-1/2